 Dungeon Crawl Stone Soup version 0.31-a0-233-g139696dc86 (webtiles) character file.

Game seed: 8554975419610624494

292 qw the Shooter (level 6, -6/51 HPs)
             Began as a Minotaur Hexslinger on July 8, 2023.
             Was an Initiate of Okawaru.
             Mangled by an ogre
             ... wielding a +0 giant club
              (23 damage)
             ... on level 4 of the Dungeon.
             The game lasted 00:01:11 (2335 turns).

qw the Shooter (Minotaur Hexslinger)                Turns: 2335, Time: 00:01:11

Health: -6/51      AC:  9    Str: 12    XL:     6   Next: 10%
Magic:  6/6        EV: 11    Int: 10    God:    Okawaru [......]
Gold:   184        SH:  0    Dex: 15    Spells: 6/7 levels left

rFire   . . .        Y - +1 sling (freeze)
rCold   . . .        (no shield)
rNeg    + . .        a - +0 ring mail
rPois   .            (helmet restricted)
rElec   .            m - +0 cloak
rCorr   .            k - +2 pair of gloves
SInv    .            (no boots)
Will    +....        j - amulet of regeneration
Stlth   +            e - ring of positive energy
HPRegen 1.08/turn    f - ring of willpower
MPRegen 0.10/turn

%: no passive effects
@: weakened
A: horns 2, retaliatory headbutt
a: Renounce Religion


You were on level 4 of the Dungeon.
You worshipped Okawaru.
Okawaru was noncommittal.
You visited 1 branch of the dungeon, and saw 4 of its levels.

You collected 184 gold pieces.


Innate Abilities, Weirdness & Mutations

You have a pair of horns on your head.
You reflexively headbutt those who attack you in melee.


   Skills:
 + Level 3.5 Fighting
 - Level 6.1 Ranged Weapons
 - Level 1.4 Armour
 - Level 2.1 Dodging
 - Level 1.0 Spellcasting
 - Level 2.0 Hexes


You had 6 spell levels left.
You knew the following spells:

 Your Spells              Type           Power      Damage    Failure   Level
a - Slow                  Hex            16%        N/A       32%         1

Your spell library contained the following spells:

 Spells                   Type           Power      Damage    Failure   Level
 Inner Flame              Hex/Fire       2%         N/A       83%         3
 Portal Projectile        Hex/Tloc       4%         N/A       83%         3
 Cause Fear               Hex            2%         N/A       97%         4

Inventory:

Hand Weapons
 Y - a +1 sling of freezing (weapon)
Armour
 a - a +0 ring mail (worn)
 k - a +2 pair of gloves (worn)
 m - a +0 cloak (worn)
Jewellery
 e - a ring of positive energy (left hand)
 f - a ring of willpower (right hand)
 j - an amulet of regeneration (around neck)
 q - a ring of fire
Potions
 b - a potion of enlightenment {unknown}
 c - a potion of curing {unknown}
 d - a potion of haste
 g - a potion of mutation {unknown}
 h - a potion of might {unknown}
 l - a potion of berserk rage {unknown}
 s - a potion of heal wounds {unknown}
 t - a potion of degeneration {unknown}

Dungeon Overview and Level Annotations

Branches:
Dungeon (4/15)
 Temple: D:4-7

Altars:
Elyvilon
Okawaru


Message History

You shoot a sling bullet.
The sling bullet closely misses the orc wizard.
The gnoll misses you.
The gnoll bouda hits you but does no damage.
The orc wizard closely misses you. The orc hits you with a +0 falchion.
The gnoll hits you with a +0 whip. The gnoll closely misses you. x2
The gnoll barely misses you.
The gnoll bouda gazes fiercely through you!
You feel your attacks grow feeble.
The gnoll bouda hits you but does no damage.
The orc wizard points at you and mumbles some strange words.
The puff of flame hits you. The orc hits you with a +0 falchion!
You shoot a sling bullet.
The sling bullet hits the orc wizard but does no damage.
The orc wizard is severely wounded.
The gnoll closely misses you. x2
The gnoll hits you from afar with a +0 spear.
The gnoll completely misses you. The gnoll bouda closely misses you.
You furiously retaliate!
You headbutt the gnoll bouda!
The orc wizard hits you with a +0 dagger.
The orc barely misses you. The gnoll misses you.
You shoot a sling bullet. The sling bullet hits the gnoll bouda.
The sling bullet freezes the gnoll bouda.
You kill the gnoll bouda!
Okawaru accepts your kill.
The gnoll hits you from afar with a +0 spear.
The gnoll closely misses you. x2
The orc wizard hits you with a +0 dagger.
The orc barely misses you. The gnoll barely misses you.
The gnoll hits you from afar with a +0 spear.
The gnoll hits you but does no damage.
You have reached level 6!
You shoot a sling bullet.
The sling bullet barely misses the orc wizard.
The gnoll completely misses you. You furiously retaliate!
You headbutt the gnoll.
The orc wizard hits you but does no damage.
The orc hits you but does no damage.
The ogre hits you with a +0 giant club!!
You die...

..# ##...##
..###?....##
..........#
..#!....#
###)...... .
#.......#
...#.#.goO.#.###
(.....go@.......
...##gg)....##.
##...#.## ##.##
.# #.# .. ..# ..
### .


You could see an ogre, an orc wizard, 4 gnolls and an orc.

Vanquished Creatures
  An ogre (D:3)
  A gnoll bouda (D:4)
  2 orc wizards (D:3)
  4 adders
  A worm (D:2)
  A dart slug (D:1)
  10 orcs
  4 ball pythons
  5 bats
  4 endoplasms
  3 giant cockroaches
  6 hobgoblins
  7 jackals (D:2)
  10 kobolds
  2 quokkas (D:1)
  4 frilled lizards
  6 goblins
  5 rats
76 creatures vanquished.

Notes
Turn   | Place    | Note
-------+----------+-------------------------------------------
     0 | D:1      | qw the Minotaur Hexslinger began the quest for the Orb.
     0 | D:1      | Reached XP level 1. HP: 16/16 MP: 1/1
     0 | D:1      | 0 ||| qw: Version: 0.3-a-46-gb1f654a
     0 | D:1      | 0 ||| qw: Game counter: 3681
     0 | D:1      | 0 ||| qw: Melee chars always use a shield: true
     0 | D:1      | 0 ||| qw: God list: Okawaru
     0 | D:1      | 0 ||| qw: Allow faded altars: false
     0 | D:1      | 0 ||| qw: Do Orc after clearing Dungeon:15 true
     0 | D:1      | 0 ||| qw: Do second Lair branch before Depths: true
     0 | D:1      | 0 ||| qw: Lair rune preference: random
     0 | D:1      | 0 ||| qw: Goals: Normal
     0 | D:1      | 0 ||| PLANNING D:1-11
   108 | D:1      | Reached skill level 3 in Ranged Weapons
   108 | D:1      | Reached XP level 2. HP: 23/23 MP: 2/2
   721 | D:1      | 721 ||| UPGRADING to ring of positive energy.
   722 | D:1      | 722 ||| UPGRADING to ring of willpower.
   723 | D:1      | 723 ||| READING scroll labelled MUAFAP XAAQO.
   724 | D:1      | 724 ||| READING scroll labelled BECEVU QUIRYTA.
   725 | D:1      | 725 ||| DRINKING 2 amethyst potions.
   726 | D:1      | 726 ||| DROPPING scroll of poison.
   759 | D:2      | Reached XP level 3. HP: 29/29 MP: 3/3
   901 | D:2      | Reached skill level 4 in Ranged Weapons
  1002 | D:2      | Reached XP level 4. HP: 28/36 MP: 4/4
  1070 | D:2      | 1070 ||| UPGRADING to +0 ring mail.
  1080 | D:2      | 1080 ||| DROPPING +0 robe.
  1081 | D:2      | 1081 ||| UPGRADING to +2 pair of gloves.
  1086 | D:2      | 1086 ||| UPGRADING to +0 cloak.
  1091 | D:2      | 1091 ||| UPGRADING to amulet of regeneration.
  1096 | D:2      | 1096 ||| READING scroll labelled MUHIPU GODE.
  1100 | D:2      | 1100 ||| READING scroll labelled SOLOWYACIU.
  1101 | D:2      | 1101 ||| READING scroll labelled HARAFIRCH COEMU.
  1142 | D:2      | 1142 ||| STAIRDANCE
  1146 | D:2      | 1146 ||| STAIRDANCE
  1150 | D:2      | 1150 ||| STAIRDANCE
  1154 | D:2      | 1154 ||| STAIRDANCE
  1158 | D:2      | 1158 ||| STAIRDANCE
  1162 | D:2      | 1162 ||| STAIRDANCE
  1166 | D:2      | 1166 ||| STAIRDANCE
  1170 | D:2      | 1170 ||| STAIRDANCE
  1174 | D:2      | 1174 ||| STAIRDANCE
  1178 | D:2      | 1178 ||| STAIRDANCE
  1182 | D:2      | 1182 ||| STAIRDANCE
  1186 | D:2      | 1186 ||| STAIRDANCE
  1190 | D:2      | 1190 ||| STAIRDANCE
  1194 | D:2      | 1194 ||| STAIRDANCE
  1198 | D:2      | 1198 ||| STAIRDANCE
  1202 | D:2      | 1202 ||| STAIRDANCE
  1206 | D:2      | 1206 ||| STAIRDANCE
  1210 | D:2      | 1210 ||| STAIRDANCE
  1214 | D:2      | 1214 ||| STAIRDANCE
  1218 | D:2      | 1218 ||| STAIRDANCE
  1501 | D:3      | Found an iron altar of Okawaru.
  1502 | D:3      | 1502 ||| PLANNING OKAWARU WORSHIP
  1505 | D:3      | Became a worshipper of Warmaster Okawaru
  1506 | D:3      | 1506 ||| PLANNING D:1-11
  1555 | D:3      | Reached skill level 1 in Armour
  1686 | D:3      | Noticed an ogre
  1697 | D:3      | Killed an ogre
  1698 | D:3      | Reached skill level 5 in Ranged Weapons
  1698 | D:3      | Reached XP level 5. HP: 32/41 MP: 5/5
  1733 | D:3      | 1733 ||| FLEEEEING.
  1832 | D:3      | Found a white marble altar of Elyvilon.
  2066 | D:3      | Reached skill level 3 in Fighting
  2096 | D:3      | Reached skill level 6 in Ranged Weapons
  2303 | D:3      | 2303 ||| DROPPING scarf of invisibility.
  2304 | D:3      | 2304 ||| READING scroll labelled BAM MEPUAN.
  2305 | D:3      | 2305 ||| READING scroll labelled DEPTUE ZASHE.
  2306 | D:3      | 2306 ||| READING scroll labelled ALUDELUIBB.
  2307 | D:3      | 2307 ||| READING scroll labelled BEIRIGALAY.
  2308 | D:3      | 2308 ||| READING scroll labelled MEUBUTZE TAHU.
  2325 | D:4      | Noticed an ogre
  2335 | D:4      | Reached XP level 6. HP: 16/51 MP: 6/6
  2335 | D:4      | Mangled by an ogre

Levels and vault maps discovered:
D:1:      elethiomel_arrival_shortcut, layout_loops_ring
D:2:      layout_basic
D:3:      layout_basic, mainiacjoe_overflow_catch_the_wave,
          minmay_misc_feat_diagonals, minmay_fractal_squares_gapless_5
D:4:      layout_loops_ring, minmay_temple_entry_wispy

Skill      XL: |  1  2  3  4  5 |
---------------+----------------+-----
Ranged Weapons | 3 4 5 6 |  6.1
Fighting       | 2 3 |  3.5
Armour         | 1 |  1.4
Dodging        | |  2.1
Spellcasting   | |  1.0
Hexes          | |  2.0

Action                     |  1- 3 |  4- 6 || total
---------------------------+-------+-------++-------
   Fire: Sling             |   117 |   156 ||   273
    Use: Scroll            |     2 |     8 ||    10
         Potion            |     1 |       ||     1
 Armour: Robe              |     5 |     1 ||     6
         Ring mail         |       |    66 ||    66
  Dodge: Dodged            |    39 |    72 ||   111

Table legend:
 A = Non-vault XP
 B = Vault XP
 C = Vault XP percentage of total XP
 D = Non-vault monster count
 E = Vault monster count
 F = Vault count percentage of total count
                 A         B        C        D         E       F
            +---------+---------+-------+---------+---------+-------
      Total |     397 |      21 |   5.0 |      71 |       5 |   6.6
            +---------+---------+-------+---------+---------+-------
        D:1 |      38 |       0 |   0.0 |      21 |       0 |   0.0
        D:2 |      82 |       0 |   0.0 |      26 |       0 |   0.0
        D:3 |     230 |      21 |   8.4 |      21 |       5 |  19.2
        D:4 |      47 |       0 |   0.0 |       3 |       0 |   0.0
            +---------+---------+-------+---------+---------+-------
